 Dungeon Crawl Stone Soup version 0.31-a0-924-ge39a22a033 (webtiles) character file.

Game seed: 3621152724949003542

466 Jannitor the Ruffian (level 6, -7/61 HPs)
             Began as a Troll Gladiator on Oct 18, 2023.
             Mangled by a hornet (10 damage)
             ... on level 5 of the Dungeon.
             The game lasted 00:04:34 (3640 turns).

Jannitor the Ruffian (Troll Gladiator)              Turns: 3640, Time: 00:04:34

Health: -7/61      AC:  5    Str: 23    XL:     6   Next: 81%
Magic:  5/5        EV: 11    Int:  4    God:
Gold:   222        SH:  5    Dex: 19    Spells: 5/5 levels left

rFire   . .          .
                       - Unarmed
rCold   . . .        (no shield)
rNeg    . . .        a - +0 robe
rPois   .            b - +0 hat
rElec   .            o - +0 cloak
rCorr   .            (gloves unavailable)
SInv    .            (boots unavailable)
Will    .....        s - amulet of reflection
Stlth   ++           x - +6 ring of dexterity
HPRegen 1.10/turn    (no ring)
MPRegen 0.09/turn

%: reflection
@: lethally poisoned (-7 -> -17)
A: large, unfitting armour, claws 3, regeneration 1, shaggy fur 1, tough skin 1
a: no special abilities


You were on level 5 of the Dungeon.
You visited 1 branch of the dungeon, and saw 5 of its levels.

You collected 359 gold pieces.
You spent 137 gold pieces at shops.

Inventory:

Missiles
 c - 5 throwing nets (quivered)
 d - a large rock
 j - 5 boomerangs
 r - 4 javelins
Armour
 a - a +0 robe (worn)
 b - a +0 hat (worn)
 o - a +0 cloak (worn)
Jewellery
 s - an amulet of reflection (around neck)
 x - a +6 ring of dexterity (left claw)
Wands
 q - a wand of flame (24)
Scrolls
 f - 2 scrolls of enchant armour
 k - a scroll of enchant weapon
 l - a scroll of revelation
 m - 2 scrolls of teleportation
 p - a scroll of immolation
 u - a scroll of amnesia {unknown}
Potions
 e - a potion of resistance {unknown}
 h - a potion of magic
 i - a potion of ambrosia
 n - a potion of mutation
 t - 2 potions of lignification {unknown}
 v - a potion of cancellation
 w - a potion of curing {unknown}


   Skills:
 + Level 3.3 Fighting
 + Level 3.6 Throwing
 + Level 3.8 Dodging
 + Level 4.6 Unarmed Combat


You had 5 spell levels left.
You didn't know any spells.
Your spell library contained the following spells:

 Spells                   Type           Power      Damage    Failure   Level
 Sting                    Tmut/Pois      0%         1d3       50%         1
 Passwall                 Tmut/Erth      0%         N/A       65%         2
 Borgnjor's Revivificati  Necr           0%         N/A       100%        8


Dungeon Overview and Level Annotations

Branches:
Dungeon (5/15)             Temple (0/1) D:4

Altars:

Shops:
D:3 ?


Innate Abilities, Weirdness & Mutations

You are too large for most types of armour.
You have claws for hands.
Your natural rate of healing is unusually fast.
You are covered in fur. (AC +1)
You have tough skin. (AC +1)


Message History

You barely miss the hornet.
The hornet is lightly wounded.
The hornet misses you.
You closely miss the hornet.
The hornet is lightly wounded.
The hornet stings you!
You feel yourself slow down. The hornet closely misses you.
You scratch the hornet. You claw the hornet!
The hornet is heavily wounded.
The hornet barely misses you. The hornet closely misses you.
You barely miss the hornet.
The hornet is heavily wounded.
You feel yourself speed up. The hornet stings you.
You are poisoned.
You feel yourself slow down. The hornet stings you.
You feel as though you will be slow longer.
You miss the hornet.
The hornet is heavily wounded.
You feel very sick. The hornet stings you!
You are more poisoned.
You suddenly lose the ability to move!
The hornet stings you.
You shrug off the repeated paralysis!
You feel very sick. The hornet stings you!
* * * LOW HITPOINT WARNING * * *
You are lethally poisoned!
You feel as though you will be slow longer.
You can move again.
Unknown command.
It was a potion of cancellation.
Your magical effects are unravelling.
You feel magically purged.
You feel yourself speed up.
You feel a little less mighty now.
* * * LOW HITPOINT WARNING * * *
You feel extremely sick.
The hornet stings you but does no damage.
The hornet stings you!
You die...

........[.####
....<........#
##.#....#.##.###
#.#....#.##...#
#.#[...#.##...#
#.#....#.##...###
#......#.#.....(#
#####...#.#......#
........#.#.....@#
#####.#.#.#......y...#
......#.#.#......###.#
#######.# ##+#+### #.#
#.# #.# #+#


You could see a hornet.

Vanquished Creatures
  Blork the orc (D:5)
  3 orc priests
  2 iguanas (D:5)
  2 orc wizards
  8 adders
  3 worms
  A dart slug (D:1)
  11 orcs
  8 bats
  8 endoplasms
  4 giant cockroaches
  11 goblins
  5 hobgoblins
  13 jackals
  4 quokkas
  10 ball pythons
  2 frilled lizards
  10 kobolds
  9 rats
115 creatures vanquished.

Notes
Turn   | Place    | Note
-------+----------+-------------------------------------------
     0 | D:1      | Jannitor the Troll Gladiator began the quest for the Orb.
     0 | D:1      | Reached XP level 1. HP: 19/19 MP: 0/0
   150 | D:1      | Reached XP level 2. HP: 28/28 MP: 1/1
   502 | D:1      | Reached XP level 3. HP: 35/35 MP: 2/2
  1089 | D:2      | Reached XP level 4. HP: 41/42 MP: 3/3
  1124 | D:2      | Identified the +0 scale mail of Lugonu's Favour {Fly rC+++
                  | rCorr MP+9}
  1740 | D:3      | Reached XP level 5. HP: 42/50 MP: 4/4
  1991 | D:3      | Found Puil's Magic Scroll Shoppe.
  2012 | D:3      | Reached skill level 4 in Unarmed Combat
  2042 | D:3      | Bought a scroll of enchant armour for 82 gold pieces
  2042 | D:3      | Bought a scroll of identify for 22 gold pieces
  2042 | D:3      | Bought a scroll of teleportation for 33 gold pieces
  2821 | D:4      | Identified the of Jufi
  2909 | D:4      | Found a staircase to the Ecumenical Temple.
  3111 | D:4      | Reached XP level 6. HP: 59/59 MP: 5/5
  3431 | D:5      | Entered Level 5 of the Dungeon
  3441 | D:5      | Noticed Blork the orc
  3453 | D:5      | Killed Blork the orc
  3629 | D:5      | Noticed a hornet
  3638 | D:5      | Paralysed by a hornet for 2 turns
  3640 | D:5      | HP: 3/61 [poisoned by a hornet]
  3640 | D:5      | Mangled by a hornet

Illustrated notes

Levels and vault maps discovered:
D:1:      dpeg_arrival_pits, layout_loops_ring
D:2:      minmay_diamond_boxcup, layout_basic, minmay_tall_x
D:3:      wad_river_or_something, layout_basic, serial_shops, shop
D:4:      layout_basic, minmay_temple_entry_statues
D:5:      layout_basic, mainiacjoe_overflow_alcove_4,
          nicolae_ashenzari_panopticon, ebering_ghost_reflecting_pool,
          serial_shops, nicolae_lakefront_shop, uniq_pikel, uniq_sigmund,
          uniq_blork_the_orc

Skill      XL: |  1  2  3  4  5  6 |
---------------+-------------------+-----
Throwing       | 2 3 |  3.6
Fighting       | 2 3 |  3.3
Dodging        | 3 |  3.8
Unarmed Combat | 4 |  4.6

Action                     |  1- 3 |  4- 6 || total
---------------------------+-------+-------++-------
  Melee: Unarmed           |    80 |   209 ||   289
         Punch             |     2 |     4 ||     6
    Use: Scroll            |     1 |     7 ||     8
         Potion            |       |     2 ||     2
   Stab: Sleeping          |     3 |     2 ||     5
 Armour: Robe              |    45 |   130 ||   175
  Dodge: Dodged            |    34 |   120 ||   154
  Block: Other             |       |    28 ||    28
         Reflection        |       |     1 ||     1

Table legend: (Time is in decaauts)
 A = Elapsed time spent in this place.
 B = Non-inter-level travel time spent in this place.
 C = Inter-level travel time spent in this place.
 D = Time resting spent in this place.
 E = Time spent auto-exploring this place.
 F = Levels seen in this place.
 G = Mean time per level.
                   A        B        C        D        E       F      G
               +--------+--------+--------+--------+--------+-----+--------+
         Total |   3622 |   3430 |    192 |     51 |   2692 |   5 |  724.4 |
       Dungeon |   3622 |   3430 |    192 |     51 |   2692 |   5 |  724.4 |
               +--------+--------+--------+--------+--------+-----+--------+

Top non-repeatable levels by time:
     D:3: 1115 daAuts
     D:2: 986 daAuts
     D:1: 719 daAuts
     D:4: 592 daAuts
     D:5: 207 daAuts
